Map: Pylon LE

Players

ManlyManMeat

  • Race: Zerg Zerg
  • League: Master
  • Spawn Location: 11:00

VOD

Have the link to the VOD?

Description

Time

  • Played on: June 16, 2025, 3:53 p.m.
  • Length: 52:01
Show
View Real Time Build Order
Export as new Build Order

ManlyManMeat Zerg 

Build Orders:  

Get SALT Encoding   

  12  0:25  Spawning Pool  
  11  0:31  Drone  
  11  0:38  Drone  
  13  0:53  Overlord  
  13  0:56  Drone  
  14  1:18  Drone  
  14  1:19  Drone  
  16  1:31  Queen  
  18  1:56  Drone x2  
  20  2:27  Queen  
  22  2:34  Extractor  
  22  2:39  Drone  
  22  2:42  Hatchery  
  22  2:48  Extractor  
  20  2:51  Drone  
  20  2:52  Drone  
  22  3:11  Hatchery  
  21  3:31  Drone  
  21  3:33  Overlord  
  24  4:26  Drone  
  24  4:27  Drone x3  
  26  4:31  Queen  
  26  4:39  Drone x2  
  30  4:43  Lair  
  30  4:46  Drone  
  30  4:47  Drone  
  32  5:07  Queen  
  34  5:10  Drone  
  34  5:16  Drone  
  34  5:17  Drone  
  37  5:21  Drone  
  38  5:38  Drone x4  
  42  5:44  Extractor  
  42  5:45  Extractor  
  40  6:21  Drone  
  40  6:22  Drone  
  40  6:25  Overlord  
  40  6:26  Overlord x3  
  42  6:48  Hydralisk Den  
  41  7:09  Queen  
  43  7:10  Queen  
  45  7:23  Zergling x10  
  45  7:24  Zergling x8  
  45  7:25  Zergling x8  
  58  7:56  Drone  
  58  7:57  Drone x5  
  58  7:58  Drone x4  
  68  8:12  Drone  
  68  8:13  Drone x2  
  71  8:26  Hydralisk  
  73  9:14  Overlord x3  
  73  9:15  Overlord x4  
  73  9:17  Hatchery  
  73  9:18  Drone x2  
  73  10:54  Lurker Den  
  72  11:16  Overlord  
  72  11:17  Overlord x2  
  72  12:10  Hydralisk x4  
  72  12:11  Hydralisk x4  
  72  12:12  Hydralisk x4  
  72  12:13  Hydralisk x4  
  104  12:50  Lurker  
  104  12:54  Lurker  
  104  12:55  Lurker  
  104  12:56  Lurker  
  104  12:57  Lurker  
  104  12:58  Lurker  
  110  13:16  Overlord  
  110  13:17  Overlord x4  
  110  14:14  Drone  
  110  14:15  Drone x4  
  110  14:16  Drone x5  
  110  14:17  Drone x4  
  110  14:18  Drone x2  
  126  14:21  Drone  
  126  14:22  Drone x2  
  129  14:32  Drone  
  129  14:33  Drone x2  
  129  14:35  Drone  
  129  14:36  Drone x2  
  129  14:39  Drone x3  
  138  14:40  Drone  
  138  14:48  Overlord x3  
  138  14:49  Overlord  
  139  14:53  Overseer  
  139  15:29  Pneumatized Carapace  
  138  18:19  Extractor  
  137  18:20  Drone x3  
  137  18:22  Drone x2, Extractor  
  137  18:23  Drone  
  137  18:29  Drone x2  
  112  18:30  Drone, Extractor  
  144  18:32  Drone x2, Extractor  
  144  18:33  Drone  
  147  19:28  Drone x3  
  150  19:34  Extractor  
  149  20:10  Evolution Chamber  
  149  20:14  Evolution Chamber  
  149  20:16  Evolution Chamber  
  146  20:48  Spine Crawler, Extractor  
  146  20:49  Spore Crawler  
  143  20:50  Extractor, Spore Crawler  
  143  20:52  Spine Crawler  
  143  20:54  Hatchery  
  139  21:12  Overseer  
  139  21:13  Overseer x2  
  139  21:17  Drone  
  139  21:18  Drone x2  
  142  21:23  Overlord x3  
  142  22:05  Overlord x2  
  142  22:06  Overlord  
  142  22:37  Zerg Melee Weapons Level 1, Zerg Ground Armor Level 1, Zerg Missile Weapons Level 1  
  142  22:41  Hydralisk x2  
  142  22:42  Hydralisk x4  
  142  22:43  Hydralisk x8  
  142  22:44  Hydralisk x4  
  142  22:45  Hydralisk x4  
  186  23:10  Hydralisk Den  
  178  24:41  Roach Warren  
  178  24:44  Roach Warren  
  178  24:47  Baneling Nest  
  175  24:57  Overseer x7  
  175  24:58  Overseer x8  
  175  25:05  Overlord x5  
  175  25:06  Overlord x3  
  175  25:07  Overlord x2  
  175  25:17  Overseer  
  175  25:18  Overseer  
  175  25:45  Unknown  
  175  26:07  Unknown  
  175  26:12  Drone  
  175  26:13  Drone x4  
  180  26:25  Nydus Network  
  179  26:32  Zerg Melee Weapons Level 2, Zerg Missile Weapons Level 2  
  179  26:33  Zerg Ground Armor Level 2  
  179  28:05  Glial Reconstitution  
  179  28:06  Tunneling Claws  
  179  29:05  Nydus Canal  
  179  29:39  Nydus Canal  
  173  32:06  Centrifugal Hooks  
  173  32:25  Spire x2  
  173  32:27  Spire  
  170  32:32  Spire  
  169  32:40  Infestation Pit  
  168  34:21  Zerg Flyer Armor Level 1, Zerg Flyer Weapons Level 1  
  168  34:30  Infestor x2  
  168  34:32  Corruptor x2  
  168  34:33  Swarm Host  
  168  34:34  Mutalisk, Swarm Host  
  168  34:35  Mutalisk  
  172  35:45  Burrow  
  172  36:26  Corruptor x2  
  172  36:27  Corruptor  
  175  37:50  Zerg Flyer Armor Level 2, Zerg Flyer Weapons Level 2  
  175  38:03  Zergling x4  
  175  38:04  Zergling x4  
  179  38:34  Baneling x2  
  179  38:46  Metabolic Boost  
  179  39:04  Nydus Canal  
  179  39:35  Hive  
  179  39:37  Corruptor x2  
  179  39:38  Infestor  
  179  39:39  Infestor  
  187  39:56  Infestor  
  187  39:57  Infestor  
  183  40:01  Infestor x2  
  151  40:36  Infestor x3  
  151  40:41  Neural Parasite  
  151  40:53  Hydralisk x32  
  145  41:50  Corruptor x3  
  145  41:51  Corruptor x4  
  145  41:52  Viper x4  
  145  41:53  Viper x2  
  177  42:20  Zerg Melee Weapons Level 3, Zerg Missile Weapons Level 3, Zerg Ground Armor Level 3  
  177  42:22  Zerg Flyer Weapons Level 3, Zerg Flyer Armor Level 3  
  177  42:25  Greater Spire  
  177  42:38  Corruptor  
  177  42:39  Corruptor x5  
  189  42:40  Corruptor  
  173  43:38  Unknown, Adrenal Overload  
  169  44:01  Unknown  
  165  44:59  Infestor  
  167  45:00  Infestor x14  
  167  45:01  Infestor x2  
  199  45:20  Ultralisk Cavern  
  199  45:23  Ultralisk Cavern  
  199  45:29  Brood Lord  
  195  45:43  Brood Lord x2  
  195  45:44  Brood Lord x5  
  167  46:52  Infestor  
  167  46:53  Infestor x15  
  167  46:55  Infestor x17  
  199  47:29  Hydralisk x8  
  195  49:03  Infestor  
  195  49:21  Infestor x33  
  195  49:22  Infestor  
  193  49:31  Infestor  
  193  50:48  Command Center  
Tags
 
League
Master
Matchup
Co-op
Replay Pack
Myownreplay2
Add a new tag
Caveats
  • Supply blocks, unpowered buildings, or Contaminate may cause inaccurate times.
  • Supply counts are checked every 10 seconds.